 Dungeon Crawl Stone Soup version 0.31.0-11-ge490571c62 (webtiles) character file.

Game seed: 11810666033921779001

51 qw the Shooter (level 3, -10/18 HPs)
             Began as a Spriggan Hunter on Feb 4, 2024.
             Killed by divine providence
             ... invoked by an orc priest
              (17 damage)
             ... on level 3 of the Dungeon.
             The game lasted 00:00:06 (1690 turns).

qw the Shooter (Spriggan Hunter)                    Turns: 1690, Time: 00:00:07

Health: -10/18     AC:  2    Str:  7    XL:     3   Next: 57%
Magic:  4/4        EV: 19    Int: 10    God:
Gold:   144        SH:  0    Dex: 20    Spells: 2/2 levels left

rFire   . . .        a - +0 shortbow
rCold   . . .        (shield currently unavailable)
rNeg    . . .        c - +0 robe
rPois   +            (helmet restricted)
rElec   .            (no cloak)
rCorr   .            (gloves unavailable)
SInv    +            (boots unavailable)
Will    .....        e - amulet of faith
Stlth   ++           l - ring of poison resistance
HPRegen 0.23/turn    (no ring)
MPRegen 0.09/turn

%: faith
@: very quick
A: very small, no large weapons, unfitting armour, see invisible, speed 3
a: no special abilities


You were on level 3 of the Dungeon.
You visited 1 branch of the dungeon, and saw 3 of its levels.

You collected 144 gold pieces.


Innate Abilities, Weirdness & Mutations

You are very small and have problems with some larger weapons.
You are too small for most types of armour.
You have supernaturally acute eyesight. (SInv)
You cover ground extremely quickly. (Speed+++)


   Skills:
 - Level 1.5 Fighting
 + Level 4.8 Ranged Weapons
 - Level 4.0 Dodging
 - Level 1.5 Stealth


You had 2 spell levels left.
You didn't know any spells.
Your spell library was empty.

Inventory:

Hand Weapons
 a - a +0 shortbow (weapon)
Armour
 c - a +0 robe (worn)
Jewellery
 e - an amulet of faith (around neck)
 i - a ring of fire
 l - a ring of poison resistance (left hand)
Scrolls
 b - a scroll of teleportation
Potions
 d - a potion of might
 f - a potion of haste
 g - a potion of degeneration {unknown}
 j - a potion of mutation {unknown}
 o - a potion of heal wounds {unknown}

Dungeon Overview and Level Annotations

Branches:
Dungeon (3/15)

Altars:


Message History

Enter note:
Enter note:
Enter note:
Enter note:
Enter note:
Enter note:
Enter note:
Enter note:
Enter note:
Enter note:
Enter note:
Enter note:
Enter note:
Enter note:
Enter note:
Enter note:
Enter note:
Enter note: You start resting.
HP restored.
You climb downwards.
The ball python misses you. x2
The orc wizard completely misses you.
The orc priest invokes the aid of Beogh against you.
Pain shoots through your body!
Ouch! That really hurt!
The ball python barely misses you. The ball python grabs you.
The ball python constricts you.
There is a stone staircase leading up here.
You shoot an arrow. The orc shouts!
The arrow hits the ball python.
You kill the ball python!
The orc wizard hits you with a +0 dagger.
1690 ||| STAIRDANCE The orc wizard points at you and mumbles some strange words.
You resist with some effort.
The orc priest mumbles some strange prayers to Beogh against you.
Beogh smites you!
Ouch! That really hurt!
You die...

#### ####
##...##...##
##..........##
#......o.....#
#.............
#.....oo.....#
#....@o....#
##...#o...##
#### ###.# ..
#


You could see an orc priest, 2 orc wizards and 2 orcs.

Vanquished Creatures
  An adder (D:2)
  An endoplasm (D:1)
  4 giant cockroaches
  2 goblins (D:2)
  6 hobgoblins
  3 jackals (D:1)
  5 kobolds (D:1)
  4 quokkas
  4 ball pythons
  A bat (D:1)
  4 frilled lizards
  2 rats (D:2)
37 creatures vanquished.

Notes
Turn   | Place    | Note
-------+----------+-------------------------------------------
     0 | D:1      | qw the Spriggan Hunter began the quest for the Orb.
     0 | D:1      | Reached XP level 1. HP: 10/10 MP: 2/2
     0 | D:1      | Noticed an octopode
     0 | D:1      | Noticed an elf
     0 | D:1      | 0 ||| qw: Version: 0.3-a-160-g6735b56
     0 | D:1      | 0 ||| qw: Game counter: 4720
     0 | D:1      | 0 ||| qw: Melee chars always use a shield: true
     0 | D:1      | 0 ||| qw: God list: Okawaru
     0 | D:1      | 0 ||| qw: Allow faded altars: false
     0 | D:1      | 0 ||| qw: Do Orc after clearing Dungeon:15 true
     0 | D:1      | 0 ||| qw: Do second Lair branch before Depths: true
     0 | D:1      | 0 ||| qw: Lair rune preference: random
     0 | D:1      | 0 ||| qw: Goals: Normal
     0 | D:1      | 0 ||| PLANNING D:1-11
     1 | D:1      | Noticed a demonspawn
     2 | D:1      | Noticed a troll
     2 | D:1      | Noticed a troll
     4 | D:1      | Noticed a naga
     5 | D:1      | Noticed a djinni
     6 | D:1      | Noticed a barachi
     8 | D:1      | Noticed a gargoyle
     9 | D:1      | Noticed a human
    12 | D:1      | Noticed a barachi
    12 | D:1      | Noticed a felid
    14 | D:1      | Noticed a djinni
    14 | D:1      | Noticed a tengu
    16 | D:1      | Noticed an oni
    16 | D:1      | Noticed a minotaur
    18 | D:1      | Noticed a troll
    20 | D:1      | Noticed a barachi
    20 | D:1      | Noticed a ghoul
   101 | D:1      | Reached skill level 3 in Dodging
   134 | D:1      | Reached XP level 2. HP: 14/14 MP: 3/3
   586 | D:1      | 586 ||| UPGRADING to ring of poison resistance.
   587 | D:1      | 587 ||| DROPPING ring of magical power.
   588 | D:1      | 588 ||| READING scroll labelled RUCATA MOTOAMA.
   589 | D:1      | 589 ||| READING 2 scrolls labelled TUSOUR IGEU.
   590 | D:1      | 590 ||| READING scroll labelled DIKOWULOCY.
   591 | D:1      | 591 ||| READING scroll labelled KEMNOAHIBI.
   592 | D:1      | 592 ||| READING scroll labelled EHOECY ICIL.
   592 | D:1      | 592 ||| IDENTIFYING fuming white potion
   593 | D:1      | 593 ||| READING scroll labelled YHUR EKETREGODD.
   594 | D:1      | 594 ||| READING scroll labelled SAEH PEDAXAPUO.
   595 | D:1      | 595 ||| READING scroll labelled TEMUIDIACH.
   598 | D:1      | 598 ||| DRINKING 2 white potions.
   599 | D:1      | 599 ||| DROPPING scroll of butterflies.
   600 | D:1      | 600 ||| DROPPING scroll of fear.
   836 | D:2      | Found a faded altar of an unknown god.
   839 | D:2      | Reached XP level 3. HP: 18/18 MP: 4/4
  1230 | D:2      | 1230 ||| FLEEEEING.
  1231 | D:2      | 1231 ||| FLEEEEING.
  1532 | D:2      | 1532 ||| UPGRADING to amulet of faith.
  1537 | D:2      | 1537 ||| READING scroll labelled JITOAP ERRUUDE.
  1538 | D:2      | 1538 ||| DRINKING 2 metallic orange potions.
  1539 | D:2      | 1539 ||| FLEEEEING.
  1540 | D:2      | 1540 ||| FLEEEEING.
  1541 | D:2      | 1541 ||| FLEEEEING.
  1542 | D:2      | 1542 ||| FLEEEEING.
  1543 | D:2      | 1543 ||| FLEEEEING.
  1544 | D:2      | 1544 ||| FLEEEEING.
  1545 | D:2      | 1545 ||| FLEEEEING.
  1546 | D:2      | 1546 ||| FLEEEEING.
  1547 | D:2      | 1547 ||| FLEEEEING.
  1548 | D:2      | 1548 ||| FLEEEEING.
  1549 | D:2      | 1549 ||| FLEEEEING.
  1550 | D:2      | 1550 ||| FLEEEEING.
  1551 | D:2      | 1551 ||| FLEEEEING.
  1552 | D:2      | 1552 ||| FLEEEEING.
  1553 | D:2      | 1553 ||| STAIRDANCE
  1655 | D:1      | 1655 ||| DROPPING potion of berserk rage.
  1669 | D:3      | 1669 ||| STAIRDANCE
  1690 | D:3      | 1690 ||| STAIRDANCE
  1690 | D:3      | Killed from afar by an orc priest

Levels and vault maps discovered:
D:1:      shiori_arrival_whats_in_store_for_you, layout_loops_ring,
          corner_web_ring, chequers_decorated_corner
D:2:      layout_loops_corners, nicolae_ecumenical_lake_church, nicolae_titane
D:3:      layout_rooms, vehumet_altar_wand_db, uniq_ijyb

Skill      XL: |  1  2 |
---------------+-------+-----
Dodging        | 3 4 |  4.0
Fighting       | |  1.5
Ranged Weapons | |  4.8
Stealth        | |  1.5

Action                     || total
---------------------------++-------
   Fire: Shortbow          ||    82
    Use: Scroll            ||     9
         Potion            ||     2
 Armour: Robe              ||     9
  Dodge: Dodged            ||    20

Table legend:
 A = Non-vault XP
 B = Vault XP
 C = Vault XP percentage of total XP
 D = Non-vault monster count
 E = Vault monster count
 F = Vault count percentage of total count
                 A         B        C        D         E       F
            +---------+---------+-------+---------+---------+-------
      Total |      73 |       0 |   0.0 |      37 |       0 |   0.0
            +---------+---------+-------+---------+---------+-------
        D:1 |      32 |       0 |   0.0 |      20 |       0 |   0.0
        D:2 |      40 |       0 |   0.0 |      16 |       0 |   0.0
        D:3 |       1 |       0 |   0.0 |       1 |       0 |   0.0
            +---------+---------+-------+---------+---------+-------
